 Dungeon Crawl Stone Soup version 0.23-a0-344-ge122d05 (webtiles) character file.

5056 Ijustatesigmund the Covert (level 10, 0/97 HPs)
             Began as an Octopode Conjurer on Oct 19, 2018.
             Was a Follower of Cheibriados.
             Succumbed to a hornet's poison
             ... on level 9 of the Dungeon.
             The game lasted 00:26:24 (13460 turns).

Ijustatesigmund the Covert (Octopode Conjurer)     Turns: 13460, Time: 00:26:25

Health: 0/97       AC: 30    Str: 15 (16) XL:     10   Next: 56%
Magic:  19/19      EV:  2    Int: 18 (21) God:    Cheibriados [*.....]
Gold:   567        SH:  0    Dex: 14 (17) Spells: 11/21 levels left

rFire    . . .     SeeInvis .   a - +4 dagger (venom)
rCold    . . .     Gourm    +   (no shield)
rNeg     + + +     Faith    .   (helmet currently unavailable)
rPois    +         Spirit   .   m - amulet of the gourmand
rElec    .         Reflect  .   k - ring of wizardry
rCorr    .         Harm     .   n - +5 ring of protection
MR       .....     Clarity  +   (no ring) Stlth ++++......NoTele +
                                (no ring)
HPRegen  0.26/turn              (no ring)
MPRegen  0.16/turn              (no ring)
                                (no ring)
                                (no ring)

@: mighty, lethally poisoned (0 -> -7), tree-form, very slow
A: almost no armour, stealthy swim, (amphibious), 8 rings, (constrict 8),
clarity, strong 1
a: Bend Time, Renounce Religion


You were on level 9 of the Dungeon.
You worshipped Cheibriados.
Cheibriados was aware of your devotion.
You were very full.
You were a tree.
You visited 2 branches of the dungeon, and saw 10 of its levels.

You collected 567 gold pieces.

Inventory:

Hand Weapons
 a - a +4 dagger of venom (weapon)
 r - a cursed +4 dagger
Missiles
 o - 6 javelins (quivered)
Armour
 g - the +2 hat of Evolution {-Tele rN++ Dex+2}
   (You found it on level 4 of the Dungeon)

   It affects your dexterity (+2).
   It greatly protects you from negative energy.
   It prevents most forms of teleportation.
Jewellery
 k - a ring of wizardry (left branch)
 m - an amulet of the gourmand (around neck)
 n - a +5 ring of protection (right branch)
Wands
 j - a wand of disintegration (25)
 l - a wand of polymorph (12)
Scrolls
 c - 3 scrolls of remove curse
 d - 2 scrolls of magic mapping
 f - 2 scrolls of identify
 h - a scroll of blinking {unknown}
 i - 2 scrolls of teleportation
 s - a scroll of enchant armour {unknown}
 u - a scroll of random uselessness {unknown}
Potions
 e - 3 potions of flight
 q - 2 potions of mutation
 t - a potion of magic
 v - a potion of degeneration
Comestibles
 b - 17 rations


   Skills:
 - Level 4.9 Fighting
 - Level 6.3 Short Blades
 - Level 5.2 Dodging
 - Level 9.7 Stealth
 - Level 6.3 Spellcasting
 - Level 4.4 Conjurations
 - Level 2.6 Hexes
 + Level 6.9 Invocations


You had 11 spell levels left.
You knew the following spells:

 Your Spells              Type           Power        Failure   Level  Hunger
a - Magic Dart            Conj           ###.         1%          1    None
b - Searing Ray           Conj           ###...       1%          2    None
c - Dazzling Spray        Conj/Hex       ###...       3%          3    ##.....
d - Iskenderun's Mystic   Conj           ###.....     8%          4    ####...

Your spell library contained the following spells:

 Spells                   Type           Power        Failure   Level  Hunger
 Fulminant Prism          Conj/Hex       ###.......   11%         4    ####...
 Force Lance              Conj/Tloc      ##......     19%         4    ####...


Dungeon Overview and Level Annotations

Branches:
Dungeon (9/15)             Temple (1/1) D:6            Lair (0/6) D:8
    Orc: D:9-12

Altars:
Cheibriados
Dithmenos
Hepliaklqana
Makhleb
Okawaru
Qazlal
Ru
Sif Muna
Wu Jian
Xom
Yredelemnul
The Shining One


Innate Abilities, Weirdness & Mutations

You cannot wear most types of armour.
You are very stealthy in the water. (Stealth+)
((You are amphibious.))
You can wear up to eight rings at the same time.
((You can use your tentacles to constrict eight enemies at once.))
((Your skin changes colour to match your surroundings (Stealth+).))
((Your rubbery body absorbs attacks. (AC +1, EV +1)))
You possess an exceptional clarity of mind.
((Your system is resistant to poisons. (rPois)))
Your muscles are strong. (Str +2)


Message History

Cheibriados thoroughly appreciates the change of pace.
* * * LOW HITPOINT WARNING * * *
You feel sick.
It was a potion of lignification.
You turn into a tree.
Your roots penetrate the ground.
* * * LOW HITPOINT WARNING * * *
You feel sick.
* * * LOW HITPOINT WARNING * * *
You feel sick.
* * * LOW HITPOINT WARNING * * *
You feel sick.
* * * LOW HITPOINT WARNING * * *
You feel sick.
* * * LOW HITPOINT WARNING * * *
You feel sick.
* * * LOW HITPOINT WARNING * * *
You feel sick.
* * * LOW HITPOINT WARNING * * *
You feel sick.
You die...

*,*,****##********.#***** *,*,*
*,*,* *,,,,,,,,,,,..,,,,* *,*,*
*,*,* *,***********,***,*****,*,*
*,*,* *,* *<,,,,,,,,,,*,*
*,*,***,*******###*,***,*******,*
*,*,,,,,,,,,,,,..#,,,,,,,,,,,,,,*
*,*****,*#######.#####*,*********
*>* *,*#...........#*,* *,*
*,**,****#♣#**,**,* *,*
*,**,****#.# *,**,*
*,*****,**,,,,,..# *,**,*
*,,,,,,,******#### *,**,*
*,******* *,,,,* *,* *,**** ***
***


There were no monsters in sight!

Vanquished Creatures
  A queen bee (D:9)
  Prince Ribbit (D:6)
  3 hippogriffs
  2 hornets
  A yak (D:8)
  A basilisk (D:8)
  Duvessa (D:5)
  2 orc warriors (D:7)
  A sky beast (D:7)
  A hornet zombie (D:5)
  A necrophage (D:7)
  An ogre (D:5)
  2 centaurs (D:9)
  A crocodile (D:8)
  2 bullfrogs
  A water moccasin skeleton (D:7)
  Dowan (D:5)
  23 killer bees
  3 howler monkeys
  5 wights (D:7)
  A crimson imp (D:7)
  A bullfrog zombie (D:6)
  2 centaur zombies
  A centaur skeleton (D:5)
  2 hounds (D:7)
  6 orc wizards
  3 orc priests
  2 jellies
  2 iguanas
  An iron imp (D:5)
  Ijyb (D:5)
  2 worker ants
  A killer bee zombie (D:7)
  A hound skeleton (D:4)
  A howler monkey zombie (D:7)
  7 gnolls
  9 adders
  A shadow imp (D:6)
  A white imp (D:4)
  2 oozes
  2 adder skeletons
  A worm (D:2)
  A dart slug (D:1)
  4 leopard geckos
  19 orcs
  12 bats
  4 giant cockroaches
  9 goblins
  6 hobgoblins
  7 jackals
  2 quokkas
  2 ball pythons
  6 frilled lizards
  A giant cockroach zombie (D:5)
  2 goblin skeletons (D:5)
  2 goblin zombies (D:5)
  2 hobgoblin zombies (D:5)
  2 jackal skeletons
  8 kobolds
  A kobold skeleton (D:5)
  2 kobold zombies (D:5)
  A leopard gecko skeleton (D:4)
  A leopard gecko zombie (D:8)
  3 orc skeletons (D:5)
  7 rats
208 creatures vanquished.

Notes
Turn   | Place    | Note
-------+----------+-------------------------------------------
     0 | D:1      | Ijustatesigmund the Octopode Conjurer began the quest for
                  | the Orb.
     0 | D:1      | Reached XP level 1. HP: 11/11 MP: 3/3
   103 | D:1      | Reached skill level 1 in Fighting
   103 | D:1      | Reached XP level 2. HP: 17/18 MP: 0/5
   109 | D:1      | Learned a level 2 spell: Searing Ray
   838 | D:1      | Reached XP level 3. HP: 23/23 MP: 3/6
  1064 | D:1      | Learned a level 3 spell: Dazzling Spray
  1926 | D:2      | Reached skill level 1 in Hexes
  1929 | D:2      | Found an iron altar of Okawaru.
  2130 | D:2      | Reached XP level 4. HP: 29/29 MP: 7/7
  2138 | D:2      | Found a faded altar of an unknown god.
  2650 | D:2      | Found a deep blue altar of Sif Muna.
  2989 | D:2      | Reached XP level 5. HP: 36/36 MP: 0/8
  3964 | D:3      | Found a hazy altar of Hepliaklqana.
  4060 | D:3      | Gained mutation: Your muscles are strong. (Str +2) [potion
                  | of mutation]
  4060 | D:3      | Gained mutation: You possess an exceptional clarity of
                  | mind. [potion of mutation]
  4060 | D:3      | Gained mutation: Your system is resistant to poisons.
                  | (rPois) [potion of mutation]
  4501 | D:4      | Reached skill level 1 in Short Blades
  4635 | D:4      | Reached XP level 6. HP: 26/42 MP: 1/9
  4936 | D:4      | Got a smoking hat
  4942 | D:4      | Identified the +2 hat of Evolution {-Tele rN++ Dex+2} (You
                  | found it on level 4 of the Dungeon)
  5374 | D:5      | Entered Level 5 of the Dungeon
  5517 | D:5      | Noticed Duvessa
  6238 | D:5      | Found a glowing golden altar of the Shining One.
  6246 | D:5      | Reached XP level 7. HP: 45/46 MP: 4/10
  6318 | D:5      | Reached skill level 5 in Short Blades
  6624 | D:5      | Noticed Dowan
  6627 | D:5      | Killed Dowan
  6639 | D:5      | Killed Duvessa
  6932 | D:5      | Noticed Ijyb
  6935 | D:5      | Killed Ijyb
  6988 | D:5      | Reached XP level 8. HP: 46/52 MP: 11/11
  7239 | D:6      | Found a snail-covered altar of Cheibriados.
  7321 | D:6      | Noticed Prince Ribbit
  7372 | D:6      | Killed Prince Ribbit
  7660 | D:6      | Reached skill level 5 in Dodging
  8074 | D:6      | Found a staircase to the Ecumenical Temple.
  8081 | Temple   | Entered the Ecumenical Temple
  8162 | D:7      | Learned a level 4 spell: Iskenderun's Mystic Blast
  8180 | D:7      | Reached skill level 3 in Stealth
  8255 | D:7      | Reached skill level 4 in Stealth
  8466 | D:7      | Noticed a hippogriff
  8487 | D:7      | Killed a hippogriff
  8487 | D:7      | Reached skill level 5 in Stealth
  8487 | D:7      | Reached XP level 9. HP: 42/60 MP: 7/14
  8531 | D:7      | Reached skill level 6 in Stealth
  8750 | D:7      | Found a stormy altar of Qazlal.
  8793 | D:7      | Found a shadowy altar of Dithmenos.
  9169 | D:7      | Reached skill level 7 in Stealth
  9200 | D:7      | Reached skill level 5 in Spellcasting
  9217 | D:7      | Reached skill level 8 in Stealth
  9417 | D:7      | Noticed a hornet
  9434 | D:7      | Killed a hornet
  9434 | D:7      | Reached skill level 9 in Stealth
  9721 | D:7      | You fall through a shaft for 2 floors!
  9728 | D:9      | Noticed a queen bee
  9978 | D:8      | Found a sacrificial altar of Ru.
 10403 | D:7      | Reached XP level 10. HP: 47/65 MP: 14/19
 10889 | D:6      | Became a worshipper of Cheibriados the Contemplative
 11006 | D:8      | Found a staircase to the Lair.
 11653 | D:8      | Found an ornate altar of the Wu Jian Council.
 12118 | D:8      | Found a burning altar of Makhleb.
 12299 | D:8      | Found a basalt altar of Yredelemnul.
 12774 | D:9      | Reached skill level 5 in Invocations
 12975 | D:9      | Reached * piety under Cheibriados
 13439 | D:9      | Found a shimmering altar of Xom.
 13454 | D:9      | HP: 4/97 [poisoned by a hornet]
 13458 | D:9      | HP: 1/97 [poisoned by a hornet]
 13460 | D:9      | Succumbed to a hornet's poison

Vault maps used:
D:1:      ebering_hopf_link, st_stairs_7
D:2:      lemuel_blue_sif_altar, old_standard_altar,
          chequers_ecumenical_altar_island, hangedman_feature_mirror,
          chequers_serial_rivers_marsh, minmay_misc_feat_hallway,
          grunt_decor_fettered, minmay_tromino_i2
D:3:      old_standard_altar
D:4:      first_ration, minmay_fire_ice_demons
D:5:      nicolae_tso_besieged_by_evil, uniq_ijyb, uniq_duvessa
D:6:      old_standard_altar, minmay_temple_entry_fiery, uniq_prince_ribbit1
D:7:      nicolae_dithmenos_the_darkroom, kennysheep_mini_moat, eino_jars
D:8:      marbit_many_paths, nicolae_overflow_crystal_walls,
          nicolae_ru_awakened_eye, old_standard_altar, david_lair_generic
D:9:      xom_teletrap_fun, david_nohive_1
Temple:   cyrus_temple_forest

Skill      XL: |  1  2  3  4  5  6  7  8  9 10 |
---------------+-------------------------------+-----
Fighting       | 1 2 3 4 |  4.9
Hexes          | 1 2 |  2.6
Short Blades   | 2 4 6 |  6.3
Dodging        | 3 5 |  5.2
Stealth        | 5 9 |  9.7
Spellcasting   | 3 6 |  6.3
Invocations    | 6 |  6.9
Conjurations   | |  4.4

Action                   |  1- 3 |  4- 6 |  7- 9 | 10-12 || total
-------------------------+-------+-------+-------+-------++-------
Melee: Unarmed           |     5 |       |       |       ||     5
       Short sword       |     8 |       |       |       ||     8
       Tentacles         |     4 |    18 |    64 |    14 ||   100
       Constrict         |     6 |    18 |    42 |    12 ||    78
       Dagger            |    11 |    91 |   217 |    74 ||   393
 Cast: Magic Dart        |    52 |    87 |    54 |    63 ||   256
       Searing Ray       |     1 |     1 |     7 |     3 ||    12
       Dazzling Spray    |       |       |     3 |     3 ||     6
  Use: Scroll            |     3 |     7 |     5 |     1 ||    16
       Potion            |       |     2 |     7 |     3 ||    12
 Stab: Sleeping          |     3 |     4 |    20 |       ||    27
       Distracted        |       |       |       |     2 ||     2
       Invisible         |       |       |       |     1 ||     1
  Eat: Chunk             |     4 |     6 |    18 |    13 ||    41
       Ration            |       |     2 |     1 |       ||     3
Armor: Skin              |     5 |     6 |    42 |    12 ||    65
Dodge: Dodged            |    21 |    81 |   133 |    94 ||   329

Table legend:
 A = Non-vault XP
 B = Vault XP
 C = Vault XP percentage of total XP
 D = Non-vault monster count
 E = Vault monster count
 F = Vault count percentage of total count
                 A         B        C        D         E       F
            +---------+---------+-------+---------+---------+-------
      Total |    4349 |    2874 |  39.8 |     161 |      47 |  22.6
            +---------+---------+-------+---------+---------+-------
        D:1 |      52 |       4 |   7.1 |      27 |       2 |   6.9
        D:2 |     132 |      17 |  11.4 |      24 |       3 |  11.1
        D:3 |      32 |       0 |   0.0 |      11 |       0 |   0.0
        D:4 |     225 |      10 |   4.3 |      20 |       1 |   4.8
        D:5 |     422 |     311 |  42.4 |      11 |      16 |  59.3
        D:6 |     387 |     274 |  41.5 |      14 |       1 |   6.7
        D:7 |    2289 |     442 |  16.2 |      39 |       7 |  15.2
        D:8 |     266 |     734 |  73.4 |       8 |       4 |  33.3
        D:9 |     544 |    1082 |  66.5 |       7 |      13 |  65.0
            +---------+---------+-------+---------+---------+-------
